 Dungeon Crawl Stone Soup version 0.31-a0-1540-g5a0b83f448 (webtiles) character file.

Game seed: 16921766496569766487

97 olourkin the Sneak (level 4, -10/23 HPs)
             Began as a Vine Stalker Brigand on Jan 1, 2024.
             Killed by psychic fangs
             ... invoked by a brain worm
              (13 damage)
             ... in a sewer.
             The game lasted 00:09:27 (1981 turns).

olourkin the Sneak (Vine Stalker Brigand)           Turns: 1981, Time: 00:09:28

Health: -10/23     AC:  7    Str: 13    XL:     4   Next: 68%
Magic:  0/5        EV: 10    Int: 11    God:
Gold:   132        SH:  0    Dex: 18    Spells: 3/3 levels left

rFire   . . .        a - +2 dagger
rCold   . . .        (no shield)
rNeg    . . .        i - +0 ring mail
rPois   .            r - +0 helmet
rElec   .            c - +0 cloak
rCorr   .            (no gloves)
SInv    .            (no boots)
Will    .....        (no amulet)
Stlth   +            (no ring)
HPRegen 1.03/turn    (no ring)
MPRegen 0.09/turn

%: guardian spirit
@: lethally poisoned (-10 -> -11), very slow
A: fangs 2, regeneration 1, magic shield, antimagic bite, no potion heal 2
a: no special abilities


You were in a sewer.
You visited 1 branch of the dungeon, and saw 3 of its levels.
You also visited: Sewer.

You collected 132 gold pieces.

Inventory:

Hand Weapons
 a - a +2 dagger (weapon)
Missiles
 d - 13 poisoned darts
 e - 8 curare-tipped darts
 g - 4 stones (quivered)
Armour
 b - a +0 robe
 c - a +0 cloak (worn)
 i - a +0 ring mail (worn)
 l - a +0 scale mail
 r - a +0 helmet (worn)
Scrolls
 f - a scroll of noise {unknown}
 j - 5 scrolls of identify {unknown}
 m - a scroll of teleportation {unknown}
 n - a scroll of fear {unknown}
 o - a scroll of immolation {unknown}
 p - a scroll of fog {unknown}
 q - 2 scrolls of enchant weapon {unknown}
Potions
 h - a potion of heal wounds {unknown}
 k - 3 potions of degeneration {unknown}


   Skills:
 - Level 1.7 Fighting
 + Level 4.3 Short Blades
 - Level 1.7 Throwing
 - Level 0.7 Dodging
 - Level 4.8 Stealth


You had 3 spell levels left.
You didn't know any spells.
Your spell library contained the following spells:

 Spells                   Type           Power      Damage    Failure   Level
 Summon Small Mammal      Summ           0%         N/A       61%         1
 Lesser Beckoning         Tloc           0%         N/A       75%         2
 Call Canine Familiar     Summ           0%         N/A       93%         3
 Fugue of the Fallen      Necr           0%         N/A       93%         3
 Gell's Gravitas          Tloc           0%         N/A       93%         3
 Ozocubu's Armour         Ice            0%         N/A       93%         3
 Teleport Other           Tloc           0%         N/A       93%         3
 Manifold Assault         Tloc           0%         N/A       100%        4
 Summon Blazeheart Golem  Fire/Summ      0%         N/A       100%        4


Dungeon Overview and Level Annotations

Branches:
Dungeon (3/15)              Sewer (1/1)

Altars:

Annotations:
D:2 1 runed translucent door, Crazy Yiuf


Innate Abilities, Weirdness & Mutations

You have extremely sharp teeth.
Your natural rate of healing is unusually fast.
When hurt, damage is shared between your health and your magic reserves.
Your bite disrupts and absorbs the magic of your enemies.
Potions cannot restore your health.


Message History

The adder is almost dead.
You feel sick. The adder barely misses you. The adder closely misses you.
The adder completely misses you.
You hit the adder.
You kill the adder!
You feel sick. The adder closely misses you.
You closely miss the adder. You bite the adder. You drain its power.
The adder is moderately wounded.
You feel sick. The adder bites you.
* * * LOW HITPOINT WARNING * * *
You hit the brain worm.
The brain worm is lightly wounded.
You feel sick. The adder barely misses you.
You hit the brain worm. You bite the brain worm. You drain its power.
The brain worm is heavily wounded.
You feel sick. The brain worm closely misses you. The adder closely misses you.
Your unstable footing causes you to fumble your attack.
You feel sick.
The brain worm splashes around in the water.
The adder bites you.
* * * LOW HITPOINT WARNING * * *
Your unstable footing causes you to fumble your attack.
The adder bites you.
* * * LOW HITPOINT WARNING * * *
You are more poisoned.
The adder poisons you!
The brain worm's throbbing head pulsates.
Something gnaws on your mind!
* * * LOW HITPOINT WARNING * * *
You feel your power leaking away.
Your unstable footing causes you to fumble your attack.
You feel sick. The adder barely misses you.
You hit the brain worm.
You bite the brain worm, but do no damage.
The brain worm is moderately wounded.
You feel sick.
The brain worm's throbbing head pulsates.
Something gnaws heavily on your mind!
Ouch! That really hurt!
You die...

~≈. B≈≈#
~≈~################~≈≈#
~≈~~~.~~~~~~~~~~r~~~≈≈#
~≈≈≈≈≈≈≈≈≈≈≈≈≈≈≈≈≈≈≈≈≈#
~~~~~~~~~~..~~~~~~~≈≈≈#
≈≈≈###.~~#~###~≈~##≈≈≈#
≈ #~~~### #~≈~# ≈#
#~~.# #~≈~# ##~.##
#B≈@# #...#


#hSw# ##.†# #w≈~# ##.†## #~≈.# ##....# #~≈~# #.....## ~..~# #......# ..~~~.
#.†...∩##...~~. ##....####..... You could see a brain worm, a ribbon worm, an
adder, a quokka, a jackal and a giant cockroach.

Vanquished Creatures
  3 gnolls (D:2)
  An adder (Sewer)
  3 dart slugs (D:1)
  2 ribbon worms
  3 orcs (D:3)
  5 ball pythons
  4 bats
  3 endoplasms
  A giant cockroach (D:1)
  4 goblins
  5 hobgoblins
  2 kobolds (D:3)
  A quokka (D:1)
  5 frilled lizards
  4 rats
46 creatures vanquished.

Notes
Turn   | Place    | Note
-------+----------+-------------------------------------------
     0 | D:1      | olourkin the Vine Stalker Brigand began the quest for the
                  | Orb.
     0 | D:1      | Reached XP level 1. HP: 11/11 MP: 2/2
   167 | D:1      | Reached XP level 2. HP: 15/15 MP: 3/3
   362 | D:1      | Reached XP level 3. HP: 18/18 MP: 4/4
  1173 | D:2      | Reached XP level 4. HP: 23/23 MP: 3/5
  1235 | D:2      | Found a runed translucent door.
  1236 | D:2      | Noticed Crazy Yiuf
  1578 | D:3      | Found a faded altar of an unknown god.
  1854 | D:3      | Found a glowing drain.
  1894 | Sewer    | Entered a sewer
  1964 | Sewer    | Noticed a brain worm
  1981 | Sewer    | Killed from afar by a brain worm

Illustrated notes

Levels and vault maps discovered:
D:1:      psy_arrival_wood_between_worlds, layout_loops_ring, minmay_surrounded
D:2:      layout_basic, minivault_4, dreamdust_mushroom_princess,
          uniq_crazy_yiuf_cottage
D:3:      kennysheep_big_flooded_room, layout_basic,
          shapermc_ecumenical_altar_gd, cheibrodos_sewer_entry_bend,
          minmay_liquid_box, minmay_cupped
Sewer:    sewer_fruit_machine

Skill      XL: |  1  2  3  4 |
---------------+-------------+-----
Short Blades   | 2 3 4 |  4.3
Fighting       | |  1.7
Throwing       | |  1.7
Dodging        | |  0.7
Stealth        | |  4.8

Action                     |  1- 3 |  4- 6 || total
---------------------------+-------+-------++-------
  Melee: Dagger            |    93 |    74 ||   167
         Bite              |    25 |    17 ||    42
         Punch             |     2 |       ||     2
  Throw: Stone             |     6 |    16 ||    22
   Stab: Sleeping          |     2 |     1 ||     3
 Armour: Robe              |     4 |       ||     4
         Ring mail         |    33 |    35 ||    68
  Dodge: Dodged            |    33 |    28 ||    61

Table legend: (Time is in decaauts)
 A = Elapsed time spent in this place.
 B = Non-inter-level travel time spent in this place.
 C = Inter-level travel time spent in this place.
 D = Time resting spent in this place.
 E = Time spent auto-exploring this place.
 F = Levels seen in this place.
 G = Mean time per level.
                   A        B        C        D        E       F      G
               +--------+--------+--------+--------+--------+-----+--------+
         Total |   1970 |   1898 |     72 |    151 |   1042 |   4 |  492.5 |
       Dungeon |   1876 |   1804 |     72 |    151 |   1018 |   3 |  625.3 |
         Sewer |     94 |     94 |      0 |      0 |     23 |   1 |   94.0 |
               +--------+--------+--------+--------+--------+-----+--------+

Top non-repeatable levels by time:
     D:1: 781 daAuts
     D:2: 758 daAuts
     D:3: 336 daAuts
   Sewer: 94 daAuts
